 Dungeon Crawl Stone Soup version 0.25.0-9-g26727b657a (webtiles) character file.

Game seed: 3374583531091446009

124 shadizar the Skirmisher (level 5, -1/34 HPs)
             Began as a Gargoyle Fighter on June 16, 2020.
             Slain by an orc
             ... wielding a cursed -1 war axe
              (3 damage)
             ... on level 3 of the Dungeon.
             The game lasted 00:01:42 (2004 turns).

shadizar the Skirmisher (Gargoyle Fighter)          Turns: 2004, Time: 00:01:42

Health: -1/34      AC: 11    Str: 20    XL:     5   Next: 8%
Magic:  5/5        EV:  8    Int:  9    God:
Gold:   93         SH:  9    Dex:  9    Spells: 4/4 levels left

rFire    . . .     SeeInvis .   a - +0 flail
rCold    . . .     Gourm    .   c - +0 kite shield
rNeg     + . .     Faith    .   b - +0 scale mail
rPois    ∞         Spirit   .   (no helmet)
rElec    +         Reflect  .   (no cloak)
rCorr    .         Harm     .   (no gloves)
MR       .....                  (no boots)
Stlth    ..........             (no amulet)
HPRegen  0.11/turn              (no ring)
MPRegen  0.09/turn              (no ring)

@: mighty
A: negative energy resistance 1, electricity resistance, unbreathing,
petrification resistance, rot immunity, AC +4
a: no special abilities


You were on level 3 of the Dungeon.
You were not hungry.

You visited 1 branch of the dungeon, and saw 3 of its levels.

You collected 93 gold pieces.

Inventory:

Hand Weapons
 a - a +0 flail (weapon)
Armour
 b - a +0 scale mail (worn)
 c - a +0 kite shield (worn)
Scrolls
 e - 2 scrolls of fear {unknown}
 g - 2 scrolls of identify {unknown}
 i - 2 scrolls of teleportation {unknown}
 j - a scroll of magic mapping {unknown}
 l - 2 scrolls of fog {unknown}
 m - a scroll of enchant armour {unknown}
 n - a scroll of remove curse {unknown}
Potions
 k - a potion of heal wounds {unknown}
Comestibles
 f - 6 rations
 h - 2 chunks of flesh


   Skills:
 * Level 4.5 Fighting
 + Level 2.6 Maces & Flails
 + Level 3.8 Armour
 + Level 1.2 Dodging
 + Level 3.9 Shields


You had 4 spell levels left.
You didn't know any spells.
Your spell library was empty.

Dungeon Overview and Level Annotations

Branches:
Dungeon (3/15)

Altars:

Portals:
Sewer: D:3


Innate Abilities, Weirdness & Mutations

You are resistant to torment.
Your stone body is resilient. (AC +4)
You are immune to poison.
You resist negative energy. (rN+)
You are resistant to electric shocks. (rElec)
You can survive without breathing.
You are immune to petrification.
You are immune to rotting.


Message History

You hear some strange, mumbled words.
A magic dart appears from out of thin air!
The magic dart hits you.
* * * LOW HITPOINT WARNING * * *
Something hits you but does no damage.
You barely miss something. Something hits you.
* * * LOW HITPOINT WARNING * * *
You closely miss something.
Something hits you but does no damage. x2
You miss something. Something hits you but does no damage.
You sock something!
Reactivating autopickup.
You have reached level 5!
You feel a bit more experienced.
Your shield and scale mail prevent you from hitting the giant cockroach.
You block the giant cockroach's attack.
You thump the giant cockroach!
You kill the giant cockroach!
You closely miss the orc. The orc hits you but does no damage.
The orc hits you with a cursed -1 war axe.
You die...

######)##.#
#########.##.#
.........
#.[.>........#
....o....
#.#######.####
..≈≈o...# #.# #.#
.≈≈≈≈≈..# #.# #.#
.≈≈∩≈≈o.## #.# #.#
.≈≈≈≈≈...# ##.## #.#
..≈≈≈S...###@#.## #.#
..........oo###.# #.#
........####)#..#####.#
.#####........#.......#
#.################ ..
###


You could see 2 orcs.

Vanquished Creatures
  An orc wizard (D:3)
  Terence (D:3)
  An adder (D:2)
  An ooze (D:1)
  A worm (D:2)
  3 dart slugs (D:2)
  2 leopard geckos
  An orc (D:3)
  2 ball pythons
  5 giant cockroaches
  6 goblins
  5 hobgoblins
  3 jackals (D:2)
  A quokka (D:2)
  5 bats
  5 frilled lizards
  2 kobolds (D:1)
  6 rats
51 creatures vanquished.

Notes
Turn   | Place    | Note
-------+----------+-------------------------------------------
     0 | D:1      | shadizar the Gargoyle Fighter began the quest for the Orb.
     0 | D:1      | Reached XP level 1. HP: 14/14 MP: 1/1
   270 | D:1      | Reached XP level 2. HP: 19/19 MP: 2/2
   774 | D:1      | Reached XP level 3. HP: 24/24 MP: 3/3
  1219 | D:2      | Found a faded altar of an unknown god.
  1361 | D:2      | Reached skill level 4 in Fighting
  1452 | D:2      | Reached skill level 1 in Dodging
  1452 | D:2      | Reached XP level 4. HP: 27/29 MP: 4/4
  1829 | D:3      | Noticed Terence
  1840 | D:3      | Killed Terence
  1946 | D:3      | Found a glowing drain.
  1998 | D:3      | HP: 1/29 [something (1)]
  2001 | D:3      | Reached XP level 5. HP: 2/34 MP: 5/5
  2004 | D:3      | Slain by an orc

Illustrated notes

Levels and vault maps discovered:
D:1:      psy_arrival_whirlpool, layout_basic
D:2:      layout_loops_ring, chequers_ecumenical_altar_twisty, first_ration
D:3:      layout_loops_ring, portal_sewer_entry_a, uniq_ijyb, uniq_terence

Skill      XL: |  1  2  3 |
---------------+----------+-----
Fighting       | 4 |  4.5
Dodging        | 1 |  1.2
Maces & Flails | |  2.6
Armour         | |  3.8
Shields        | |  3.9

Action                   |  1- 3 |  4- 6 || total
-------------------------+-------+-------++-------
Melee: Flail             |   162 |    73 ||   235
  Use: Potion            |       |     1 ||     1
  Eat: Chunk             |     2 |     2 ||     4
Armor: Scale mail        |    90 |    40 ||   130
Dodge: Dodged            |    56 |    18 ||    74
Block: Kite shield       |    84 |    36 ||   120
